 Dungeon Crawl Stone Soup version 0.27-a0-1140-g099f9bb0e8 (webtiles) character file.

Game seed: 4267634941803864434

14 Sobieck the Firebug (level 2, 0/15 HPs)
             Began as a Deep Elf Fire Elementalist on May 9, 2021.
             Killed from afar by an orc wizard (2 damage)
             ... with a puff of flame
             ... on level 4 of the Dungeon.
             The game lasted 00:02:15 (525 turns).

Sobieck the Firebug (Deep Elf Fire Elementalist)     Turns: 525, Time: 00:02:16

Health: 0/15       AC:  3    Str:  5    XL:     2   Next: 27%
Magic:  7/8        EV: 12    Int: 19    God:
Gold:   36         SH:  0    Dex: 15    Spells: 6/7 levels left

rFire    . . .     SeeInvis .   f - +0 whip {mace}
rCold    . . .     Faith    .   (no shield)
rNeg     . . .     Spirit   .   a - +0 robe
rPois    .         Reflect  .   (no helmet)
rElec    .         Harm     .   (no cloak)
rCorr    .         Rampage  .   (no gloves)
Will     .....                  (no boots)
Stlth    ++........             (no amulet)
HPRegen  0.05/turn              (no ring)
MPRegen  0.11/turn              (no ring)

@: no status effects
A: shaggy fur 1, sturdy frame 2
a: no special abilities


You were on level 4 of the Dungeon.
You visited 1 branch of the dungeon, and saw 5 of its levels.

You collected 36 gold pieces.


Innate Abilities, Weirdness & Mutations

You are covered in fur. (AC +1)
Your movements are less encumbered by armour. (ER -4)


   Skills:
 - Level 2.4 Dodging
 + Level 2.8 Stealth
 + Level 3.3 Spellcasting
 + Level 1.6 Conjurations
 + Level 3.5 Fire Magic


You had 6 spell levels left.
You knew the following spells:

 Your Spells              Type           Power      Damage    Failure   Level
a - Foxfire               Conj/Fire      48%        2x1d6     5%          1

Your spell library contained the following spells:

 Spells                   Type           Power      Damage    Failure   Level
 Sandblast                Erth           6%         2d5       16%         1
 Conjure Flame            Conj/Fire      12%        6-21      16%         3
 Passwall                 Tmut/Erth      2%         N/A       22%         2
 Inner Flame              Hex/Fire       9%         N/A       22%         3
 Stone Arrow              Conj/Erth      12%        3d7       32%         3
 Sticky Flame             Conj/Fire      12%        2d4       45%         4
 Fireball                 Conj/Fire      6%         3d5       82%         5
 Petrify                  Tmut/Erth      3%         N/A       83%         4
 Lee's Rapid Deconstruct  Erth           1%         3d5*      99%         5

Inventory:

Hand Weapons
 d - a +0 spear {polearm}
   (You found it on level 2 of the Dungeon)
 e - a +0 dagger {short}
   (You took it off a goblin on level 2 of the Dungeon)
 f - a +0 whip (weapon) {mace}
   (You found it on level 2 of the Dungeon)
Missiles
 b - 75 stones {throwing}
Armour
 a - a +0 robe (worn)
 h - the +9 scale mail of the True Pharaoh {Int+3 Dex+2}
   (You found it on level 4 of the Dungeon)

   It affects your intelligence (+3).
   It affects your dexterity (+2).
Scrolls
 g - a scroll of fear {unknown}

Dungeon Overview and Level Annotations

Branches:
Dungeon (5/15)
 Temple: D:4-7

Altars:
Okawaru

Annotations:
D:3 3 runed translucent doors
D:4 exclusion: downstairs

.# .# .### ...
.. .# #.####o#
#...o@.# #
#.###o.##.[#.
#........
#.#####.###..##
#............#
#######.###.##
## ##...##.#
...##.....#.#
...........>#


You could see 2 orc wizards and an orc.


Message History

You finish putting on the +9 scale mail of the True Pharaoh {Int+3 Dex+2}.
You feel clever.
You feel agile.
Casting: Foxfire (safe; 73% risk of failure)
Confirm with . or Enter, or press ? or * to list all spells.
Okay, then.
You start removing your armour.
You continue taking off the +9 scale mail of the True Pharaoh {Int+3 Dex+2}. x4
You finish taking off the +9 scale mail of the True Pharaoh {Int+3 Dex+2}.
You start putting on your armour.
You continue putting on your +0 robe. x5
You finish putting on your +0 robe.
Okay, then.
Unknown command.
Okay, then.
(D) Dungeon
Where to? (Enter - D:4, ? - help)
A quokka comes into view.
Casting: Foxfire (safe; 5% risk of failure)
Confirm with . or Enter, or press ? or * to list all spells.
You conjure some foxfire! 😎 MP[-1]
You lost 1 mp, and now have 7/8 mp.
The foxfire hits the quokka. x2
You kill the quokka!
(D) Dungeon
Where to? (Enter - D:5, ? - help)
There is a stone staircase leading down here.
You climb downwards.
An adder and a centaur come into view.
There is a stone staircase leading up here.
You climb upwards.
There is a stone staircase leading down here. 😎 MP[+1]
Your mp is fully restored (8).
Found an escape hatch in the floor.
Press: ? - help, v - describe, . - travel A stone staircase leading down.
Placed new exclusion.
Reduced exclusion size to a single square.
Unknown command.
Unknown command.
Found an iron altar of Okawaru.
Found a stone staircase leading up.
i - a fuming clear potion
(D) Dungeon
Where to? (Enter - D:5, ? - help)
There is a stone staircase leading up here.
You climb upwards.
Level annotation: 3 runed translucent doors The orc wizard shouts! 2 orcs and 2 orc wizards come into view.
The orc wizard shouts! x2
The orc hits you with a +0 club. The orc wizard misses you.
The orc wizard gestures at you while chanting.
You are confused.
There is a stone staircase leading down here. 😮 HP[-4]
You take 4 damage, and now have 11/15 hp.
MASSIVE DAMAGE!! (PAUSE)
The orc wizard barely misses you. The orc barely misses you.
The orc wizard barely misses you.
You climb downwards.
Level annotation: exclusion: downstairs
There is a stone staircase leading up here.
You're too confused to cast spells.
It was a potion of mutation.
You feel extremely strange.
You feel less encumbered by your armour. x2
Fur sprouts all over your body. The orc hits you with a +0 club.
The orc wizard hits you but does no damage. x2 😮 HP[-1]
You take 1 damage, and now have 10/15 hp.
It was a potion of curing.
You feel better.
The orc wizard hits you with a +0 dagger.
The orc misses you.
The orc wizard barely misses you. 😕 HP[+2]
You regained 2 hp, and now have 12/15 hp.
Casting: Foxfire (safe; 5% risk of failure)
Confirm with . or Enter, or press ? or * to list all spells.
You conjure some foxfire!
The orc wizard casts a spell at you. The magic dart hits you.
* * * LOW HITPOINT WARNING * * *
The orc wizard hits you with a +0 dagger.
* * * LOW HITPOINT WARNING * * *
The orc misses you. 😱 HP[-10] MP[-1]
You take 10 damage, and now have 2/15 hp.
MASSIVE DAMAGE!! (PAUSE)
You lost 1 mp, and now have 7/8 mp.
Casting: Foxfire (safe; 5% risk of failure)
Confirm with . or Enter, or press ? or * to list all spells.
There is not enough space to conjure foxfire!
Unknown command.
The foxfire hits the orc wizard but does no damage.
The foxfire hits the orc wizard.
The orc wizard hits you but does no damage.
The orc closely misses you.
The orc wizard gestures at you while chanting.
The puff of flame hits you.
You die...

Action                   || total
-------------------------++-------
 Cast: Foxfire           ||    21
  Use: Potion            ||     2
Armor: Robe              ||     8
Dodge: Dodged            ||    12

Levels and vault maps discovered:
D:1:      lemuel_arrival_muddy, layout_basic,
          ebering_ecumenical_altar_sacrificial
D:2:      layout_loops_ring
D:3:      layout_basic, gammafunk_ghost_icy
D:4:      layout_loops_ring, okawaru_gym_becter
D:5:      layout_loops_ring, marbit_many_paths, minmay_temple_entry_offerings,
          amcnicky_mini_pool_medium

Notes
Turn   | Place    | Note
-------+----------+-------------------------------------------
     0 | D:1      | Sobieck the Deep Elf Fire Elementalist began the quest for
                  | the Orb.
     0 | D:1      | Reached XP level 1. HP: 10/10 MP: 6/6
     0 | D:1      | magus.rc [v1.9.6]
   350 | D:2      | Reached XP level 2. HP: 15/15 MP: 5/8
   382 | D:3      | Found a runed translucent gate.
   382 | D:3      | Found a runed translucent gate.
   382 | D:3      | Found a runed translucent gate.
   438 | D:3      | You pick up a book of Geomancy and begin reading...
   438 | D:3      | You add the spells Sandblast, Passwall, Stone Arrow,
                  | Petrify and Lee's Rapid Deconstruction to your library.
   458 | D:4      | Identified the +9 scale mail of the True Pharaoh {Int+3
                  | Dex+2}
   489 | D:5      | Entered Level 5 of the Dungeon
   489 | D:5      | Noticed a centaur
   502 | D:4      | Found an iron altar of Okawaru.
   522 | D:4      | Gained mutation: Your movements are slightly less
                  | encumbered by armour. (ER -2) [potion of mutation]
   522 | D:4      | Gained mutation: Your movements are less encumbered by
                  | armour. (ER -4) [potion of mutation]
   522 | D:4      | Gained mutation: You are covered in fur. (AC +1) [potion of
                  | mutation]
   524 | D:4      | HP: 2/15 [orc wizard/+0 dagger (5)]
   525 | D:4      | Killed from afar by an orc wizard

Vanquished Creatures
  2 bats
  An endoplasm (D:1)
  A giant cockroach (D:3)
  A goblin (D:2)
  2 hobgoblins
  A kobold (D:3)
  A quokka (D:4)
  A frilled lizard (D:1)
  A rat (D:1)
11 creatures vanquished.

Vanquished Creatures (others)
  35 foxfires
35 creatures vanquished.

Grand Total: 46 creatures vanquished

Table legend:
 A = Non-vault XP
 B = Vault XP
 C = Vault XP percentage of total XP
 D = Non-vault monster count
 E = Vault monster count
 F = Vault count percentage of total count
                 A         B        C        D         E       F
            +---------+---------+-------+---------+---------+-------
      Total |      20 |       0 |   0.0 |      11 |       0 |   0.0
            +---------+---------+-------+---------+---------+-------
        D:1 |       8 |       0 |   0.0 |       5 |       0 |   0.0
        D:2 |       4 |       0 |   0.0 |       2 |       0 |   0.0
        D:3 |       6 |       0 |   0.0 |       3 |       0 |   0.0
        D:4 |       2 |       0 |   0.0 |       1 |       0 |   0.0
            +---------+---------+-------+---------+---------+-------

Illustrated notes

Table legend:
 A = Kills in this place as a percentage of kills in entire the game.
 B = Kills by you in this place as a percentage of kills by you in the entire game.
 C = Kills by friends in this place as a percentage of kills by friends in the entire game.
 D = Other kills in this place as a percentage of other kills in the entire game.
 E = Experience gained in this place as a percentage of experience gained in the entire game.
 F = Experience gained in this place divided by the number of levels of this place that you have seen.
                   A       B       C       D       E      F
               +-------+-------+-------+-------+-------+----------------------
         Total | 100.0 | 100.0 |   N/A |   N/A | 100.0 |   4.0
       Dungeon | 100.0 | 100.0 |   N/A |   N/A | 100.0 |   4.0
               +-------+-------+-------+-------+-------+----------------------

Table legend: (Time is in decaauts)
 A = Elapsed time spent in this place.
 B = Non-inter-level travel time spent in this place.
 C = Inter-level travel time spent in this place.
 D = Time resting spent in this place.
 E = Time spent auto-exploring this place.
 F = Levels seen in this place.
 G = Mean time per level.
                   A        B        C        D        E       F      G
               +--------+--------+--------+--------+--------+-----+--------+
         Total |    526 |    498 |     28 |     19 |    333 |   5 |  105.2 |
       Dungeon |    526 |    498 |     28 |     19 |    333 |   5 |  105.2 |
               +--------+--------+--------+--------+--------+-----+--------+

Top non-repeatable levels by time:
     D:1: 300 daAuts
     D:2: 82 daAuts
     D:4: 71 daAuts
     D:3: 70 daAuts
     D:5: 1 daAuts
